details: 'tree hide'

« prev index next »

General information

Mini Map

Players

team 1
Humanshtnr00 (green | 46 APM | 673 actions | 14:42)
Hero icon 4 Archmage
Ability icon 2 Summon Water Elemental
Ability icon 2 Brilliance Aura
Hero icon 2 Mountain King
Ability icon 1 Storm Bolt
Ability icon 1 Thunder Clap

» actions
Assign group hotkey1
Basic commands41
Build / train69
ESC pressed5
Enter build submenu26
Enter hero's abilities submenu6
Give item / drop item4
Right click190
Select / deselect215
Select group hotkey63
Use ability53
673 total
» units
Peasant20
Footman7
Rifleman3
Dragonhawk Rider5
Flying Machine4
Priest1
40 total
» upgrades
Lumber Harvesting1
Long Rifles1
2 total
» buildings
Altar of Kings1
Farm8
Barracks2
Arcane Vault1
Scout Tower4
Arcane Tower2
Blacksmith1
Keep1
Lumber Mill1
Guard Tower1
Town Hall1
Gryphon Aviary2
Workshop1
Arcane Sanctum1
Castle1
28 total
» build order
00:04 Altar of Kings
00:07 Farm
00:45 Barracks
01:46 Farm
01:58 Farm
02:18 Arcane Vault
02:39 Farm
02:46 Scout Tower
02:58 Barracks
03:15 Arcane Tower
03:18 Scout Tower
03:27 Scout Tower
03:54 Arcane Tower
04:04 Scout Tower
04:22 Blacksmith
05:19 Keep
05:39 Lumber Mill
06:43 Guard Tower
07:30 Town Hall
07:46 Gryphon Aviary
07:59 Workshop
08:36 Arcane Sanctum
08:41 Farm
08:43 Farm
09:25 Farm
12:02 Farm
12:34 Castle
14:00 Gryphon Aviary
» items
Scroll of Regeneration3
Lesser Clarity Potion2
Mechanical Critter2
Potion of Healing3
Potion of Mana1
Potion of Lesser Invulnerability1
Scroll of Healing1
Scroll of Protection1
14 total
team 2
NightElfraeptiem (blue | 14 APM | 212 actions | 14:43)

» actions
Build / train2
Enter build submenu5
Right click181
Select / deselect19
Use ability5
212 total
» units
Wisp2
2 total
» buildings
Tree of Life1
1 total
» build order
01:29 Tree of Life